AoeStats
← OnagerParty

Hideout

510085765Analyzed
1v1 RM · 4d ago on Sep 29, 2026· 32m 48s· 2 players
Game mode
Random Map
Map size
Tiny (2 player)
Population
200
Speed
Normal
Resources
Standard
Victory
Conquest
Starting age
Dark Age
Ending age
Imperial Age
RankedLock teamsTeams togetherTeam positionsShared explorationLock speedFull tech treeHidden civsTurbo modeCheats
Victory
Defeat
🇪🇸 Vietnamese · Spain
678
+16
🇨🇳 Burmese · China
673
-16
福州陈奕迅
14:41 Feudal Age
18:10 Wheelbarrow
18:59 Horse Collar
19:14 Gold Mining
19:19 Stone Mining
19:46 Bloodlines
21:39 Castle Age
23:11 Heavy Plow
24:06 Hand Cart
25:16 Heavy Plow
25:55 Gold Shaft Mining
25:47 Husbandry
31:57 Imperial Age
31:04 Herbal Medicine
OnagerParty
5:03 Loom
9:27 Feudal Age
10:28 Double-Bit Axe
10:23 Horse Collar
11:20 Wheelbarrow
11:14 Gold Mining
18:50 Castle Age
17:36 Fletching
17:50 Scale Mail Armor
17:50 Padded Archer Armor
19:47 Bow Saw
19:37 Heavy Plow
20:11 Hand Cart
21:24 Stone Mining
22:32 Stone Shaft Mining
22:02 Town Watch
27:06 Bodkin Arrow
27:51 Thumb Ring
29:27 Husbandry
29:38 Bloodlines
29:35 Scale Barding Armor
29:41 Forging
31:00 Chatras
31:30 Chain Barding Armor
31:44 Ballistics
Connection lost

Rejoining the realm…

Still unreachable

The connection could not be restored.

Session expired

The server has moved on; the page needs a fresh start.